 Dungeon Crawl Stone Soup version 0.27-a0-323-gbd089401bb (webtiles) character file.

Game seed: 2523953873908590627

3067 lmSkywalker the Martial Artist (level 9, -5/68 HPs)
             Began as a Gnoll Transmuter on Feb 4, 2021.
             Was a Believer of Cheibriados.
             Slain by a yak (18 damage)
             ... on level 8 of the Dungeon on Feb 10, 2021.
             The game lasted 00:47:29 (10619 turns).

lmSkywalker the Martial Artist (Gnoll Transmuter)  Turns: 10619, Time: 00:47:30

Health: -5/68      AC:  2    Str: 16    XL:     9   Next: 88%
Magic:  0/19       EV: 28    Int: 22    God:    Cheibriados [**....]
Gold:   299        SH:  0    Dex: 23    Spells: 15/21 levels left

rFire    + . .     SeeInvis .     - Unarmed
rCold    . . .     Faith    .   (shield currently unavailable)
rNeg     . . .     Spirit   +   (armour currently unavailable)
rPois    x         Reflect  .   (helmet currently unavailable)
rElec    .         Harm     .   (cloak currently unavailable)
rCorr    .         Rampage  .   (gloves currently unavailable)
Will     +....                  (boots currently unavailable)
Stlth    +++.......             m - amulet of guardian spirit
HPRegen  0.21/turn              u - ring of willpower
MPRegen  0.16/turn              e - ring of protection from fire

@: spider-form, wereblooded, very slow
A: tiny, distributed training, strong nose
a: End Transformation, Renounce Religion, Bend Time


You were on level 8 of the Dungeon.
You worshipped Cheibriados.
Cheibriados was pleased with you.
You were a venomous arachnid creature.
You visited 2 branches of the dungeon, and saw 9 of its levels.

You collected 299 gold pieces.

Inventory:

Missiles
 b - 301 stones
 c - 7 boomerangs (quivered)
Armour
 j - a +0 helmet (melded)
 p - a +2 robe of cold resistance (melded)
 B - a +2 plate armour of willpower
Jewellery
 e - a ring of protection from fire (right front leg)
 m - an amulet of guardian spirit (around neck)
 q - a ring of resist corrosion
 u - a ring of willpower (left front leg)
Wands
 i - a wand of digging (4)
 y - a wand of paralysis (6)
Scrolls
 f - 4 scrolls of removedness
 g - a scroll of noise
 h - a scroll of teleportation
 k - 2 scrolls of immolation
 l - a scroll of enchant armour
 o - a scroll of magic mapping {unknown}
 t - 2 scrolls of amnesia
 v - 2 scrolls of fog
 x - a scroll of fear {unknown}
 z - a scroll of blinking {unknown}
Potions
 a - 3 potions of brilliance
 d - 2 potions of curing
 n - a potion of lignification {unknown}
 r - 2 potions of heal wounds
 s - a potion of attraction {unknown}
 w - a potion of haste {unknown}
 A - a potion of berserk rage {unknown}
 C - a potion of resistance {unknown}


   Skills:
 + Level 5.4 Fighting
 + Level 4.6 Short Blades
 + Level 4.6 Long Blades
 + Level 4.6 Axes
 + Level 4.6 Maces & Flails
 + Level 4.6 Polearms
 + Level 4.6 Staves
 + Level 4.6 Slings
 + Level 4.6 Bows
 + Level 4.6 Crossbows
 + Level 4.6 Throwing
 + Level 4.6 Armour
 + Level 6.6 Dodging
 + Level 4.6 Stealth
 + Level 4.6 Shields
 + Level 8.1 Unarmed Combat
 + Level 6.9 Spellcasting
 + Level 3.8 Conjurations
 + Level 3.8 Hexes
 + Level 3.8 Summonings
 + Level 3.8 Necromancy
 + Level 3.8 Translocations
 + Level 5.5 Transmutations
 + Level 3.8 Fire Magic
 + Level 3.8 Ice Magic
 + Level 3.8 Air Magic
 + Level 3.8 Earth Magic
 + Level 3.8 Poison Magic
 + Level 5.1 Invocations
 + Level 4.6 Evocations


You had 15 spell levels left.
You knew the following spells:

 Your Spells              Type           Power        Failure   Level
a - Beastly Appendage     Tmut           62%          4%          1
b - Wereblood             Tmut           31%          6%          2
c - Spider Form           Tmut/Pois      14%          12%         3

Your spell library contained the following spells:

 Spells                   Type           Power        Failure   Level
 Corona                   Hex            26%          7%          1
 Slow                     Hex            24%          10%         2
 Inner Flame              Hex/Fire       24%          14%         3
 Portal Projectile        Hex/Tloc       48%          14%         3
 Ice Form                 Ice/Tmut       28%          28%         4
 Cause Fear               Hex            12%          36%         4
 Leda's Liquefaction      Hex/Erth       12%          36%         4
 Blade Hands              Tmut           15%          45%         5


Dungeon Overview and Level Annotations

Branches:
Dungeon (8/15)             Temple (1/1) D:5
   Lair: D:8-11

Altars:
Ashenzari
Cheibriados
Dithmenos
Fedhas
Gozag
Hepliaklqana
Kikubaaqudgha
Makhleb
Nemelex Xobeh
Okawaru
Qazlal
Sif Muna
Trog
Uskayaw
Vehumet
Wu Jian
Xom
Yredelemnul
Zin
The Shining One


Innate Abilities, Weirdness & Mutations

Your experience applies equally to all skills.
((You have very sharp teeth.))
Your uncanny sense of smell can sniff out nearby items.


Message History

The komodo dragon completely misses you.
You hit the komodo dragon but do no damage.
The komodo dragon looks as sick as possible!
You barely miss the komodo dragon.
The komodo dragon completely misses you.
A yak comes into view.
The yak bellows!
You hit the komodo dragon but do no damage.
The komodo dragon bites you! The yak gores you!
Your transformation is almost over.
The yak gores you!
* * * LOW HITPOINT WARNING * * *
The komodo dragon is no longer moving slowly.
The yak completely misses you. The komodo dragon misses you.
There is an open door here.
Casting: Spider Form (dangerous; 12% risk of failure)
Confirm with . or Enter, or press ? or * to list all spells.
Your blood is infused with primal strength.
Your transformation has ended.
Your +0 helmet unmelds from your body.
Your +2 robe of cold resistance unmelds from your body.
You feel resistant to cold. The yak gores you.
* * * LOW HITPOINT WARNING * * *
The yak misses you.
Casting: Wereblood (safe; 1% risk of failure)
Confirm with . or Enter, or press ? or * to list all spells.
You turn into a venomous arachnid creature.
Your +0 helmet melds into your body.
Your +2 robe of cold resistance melds into your body.
You feel less resistant to cold. The yak barely misses you. The yak gores you.
* * * LOW HITPOINT WARNING * * *
You bite the yak!
The yak looks as sick as possible!
The yak is moderately wounded.
The yak closely misses you.
You hit the yak.
The yak looks as sick as possible!
The yak is heavily wounded.
The yak gores you!!
You die...

#...............##.#.#.#
#......)...###..##.#.#.#
#.........## #..##.#.#.#
##################[####..##÷#.#.#
......[...........<............>.
....############.##########.#.#.#
.... ###########............#....
.....#........Y################.#
...P.....††...lYs.......#........
.....P.........###...##.#.#####.#
.......P.......# #...##..........
....P....####### #...###.######.#
.......P.# #...# #.. #.#
.........# ##### ##(# #.#
.......... .. #.# ... #.# .# ..


You could see a komodo dragon (very poisoned) and 2 yaks.

Vanquished Creatures
  Eustachio (D:5)
  3 orc warriors
  2 ice beasts
  3 black bears (D:8)
  2 sky beasts (D:7)
  2 ogres
  A centaur (D:6)
  2 phantoms (D:6)
  3 bullfrogs
  A scorpion (D:5)
  5 wights
  2 howler monkeys
  A centaur zombie (D:5)
  3 jellies
  4 hounds
  3 orc priests
  2 centaur skeletons
  2 iguanas
  5 orc wizards
  9 worker ants
  A hound zombie (D:7)
  3 hound skeletons
  2 worker ant zombies
  A gnoll (D:6)
  9 adders
  A shadow imp (D:5)
  3 white imps
  An ufetubus (D:6)
  An adder skeleton (D:6)
  3 worms
  2 dart slugs
  7 leopard geckos
  20 orcs
  2 bat zombies (D:2)
  7 giant cockroaches
  10 goblins
  5 hobgoblins
  A quokka (D:7)
  10 bats
  6 frilled lizards
  15 kobolds
  A leopard gecko skeleton (D:5)
  9 rats
  3 rat zombies (D:2)
179 creatures vanquished.

Vanquished Creatures (others)
  35 fungi (D:8)
  54 plants
89 creatures vanquished.

Grand Total: 268 creatures vanquished

Notes
Turn   | Place    | Note
-------+----------+-------------------------------------------
     0 | D:1      | lmSkywalker the Gnoll Transmuter began the quest for the
                  | Orb.
     0 | D:1      | Reached XP level 1. HP: 17/17 MP: 6/6
   206 | D:1      | Reached XP level 2. HP: 21/23 MP: 7/7
   256 | D:1      | Learned a level 2 spell: Wereblood
   620 | D:1      | Reached XP level 3. HP: 26/28 MP: 7/9
   904 | D:1      | Learned a level 3 spell: Spider Form
   922 | D:2      | Reached skill level 5 in Spellcasting
  1118 | D:2      | Reached skill level 1 in Invocations
  1312 | D:2      | Reached skill level 1 in Short Blades
  1312 | D:2      | Reached skill level 1 in Long Blades
  1312 | D:2      | Reached skill level 1 in Axes
  1312 | D:2      | Reached skill level 1 in Maces & Flails
  1312 | D:2      | Reached skill level 1 in Polearms
  1312 | D:2      | Reached skill level 1 in Staves
  1312 | D:2      | Reached skill level 1 in Slings
  1312 | D:2      | Reached skill level 1 in Bows
  1312 | D:2      | Reached skill level 1 in Crossbows
  1312 | D:2      | Reached skill level 1 in Throwing
  1312 | D:2      | Reached skill level 1 in Armour
  1312 | D:2      | Reached skill level 1 in Stealth
  1312 | D:2      | Reached skill level 1 in Shields
  1312 | D:2      | Reached skill level 1 in Evocations
  1453 | D:2      | Reached XP level 4. HP: 34/34 MP: 9/11
  1724 | D:2      | Reached skill level 1 in Conjurations
  1724 | D:2      | Reached skill level 1 in Hexes
  1724 | D:2      | Reached skill level 1 in Summonings
  1724 | D:2      | Reached skill level 1 in Necromancy
  1724 | D:2      | Reached skill level 1 in Translocations
  1724 | D:2      | Reached skill level 1 in Fire Magic
  1724 | D:2      | Reached skill level 1 in Ice Magic
  1724 | D:2      | Reached skill level 1 in Air Magic
  1724 | D:2      | Reached skill level 1 in Earth Magic
  1724 | D:2      | Reached skill level 1 in Poison Magic
  2078 | D:2      | Found an ancient bone altar of Kikubaaqudgha.
  2479 | D:3      | Reached XP level 5. HP: 31/40 MP: 9/12
  3751 | D:4      | Noticed an ogre
  4002 | D:4      | Reached XP level 6. HP: 41/47 MP: 9/13
  4140 | D:4      | Reached skill level 5 in Dodging
  4797 | D:5      | Entered Level 5 of the Dungeon
  4854 | D:5      | Noticed an ice beast
  4886 | D:5      | Killed an ice beast
  4887 | D:5      | Reached XP level 7. HP: 28/52 MP: 7/15
  5095 | D:5      | Reached skill level 7 in Unarmed Combat
  5775 | D:5      | Found a staircase to the Ecumenical Temple.
  5783 | Temple   | Entered the Ecumenical Temple
  6025 | Temple   | Became a worshipper of Cheibriados the Contemplative
  6226 | D:5      | Noticed Eustachio
  6501 | D:5      | Killed Eustachio
  6502 | D:5      | Reached XP level 8. HP: 37/60 MP: 7/16
  8038 | D:6      | Reached * piety under Cheibriados
  8332 | D:6      | Reached skill level 5 in Transmutations
  8332 | D:6      | Reached XP level 9. HP: 66/66 MP: 16/18
  8792 | D:6      | Found an iron altar of Okawaru.
  8794 | D:6      | Found a bloodstained altar of Trog.
  9230 | D:7      | Reached ** piety under Cheibriados
  9251 | D:7      | Reached skill level 5 in Fighting
 10180 | D:7      | Upgraded the game from 0.27-a0-263-gc8dee61f84 to
                  | 0.27-a0-323-gbd089401bb
 10183 | D:8      | Found a hazy altar of Hepliaklqana.
 10183 | D:8      | Found a radiant altar of Vehumet.
 10203 | D:7      | Reached skill level 8 in Unarmed Combat
 10361 | D:8      | Reached skill level 5 in Invocations
 10592 | D:8      | Noticed a komodo dragon
 10619 | D:8      | Slain by a yak

Illustrated notes

Levels and vault maps discovered:
D:1:      dpeg_arrival_simpleton_a, layout_basic
D:2:      minmay_angry_zag, layout_loops_corners,
          lemuel_zombie_altar_kikubaaqudgha, uniq_crazy_yiuf_cottage
D:3:      layout_rooms, small_statue_intersection
D:4:      layout_basic, supply_closet_lemuel
D:5:      layout_layer_cave, minmay_temple_entry_junction,
          chequers_ossuary_entry_cave, serial_bayou, serial_bayou_lagoon_b,
          serial_bayou_shore_b, serial_bayou_crossing, serial_bayou_shore_b,
          uniq_eustachio
D:6:      minmay_chambers_of_fours, layout_rooms,
          grunt_temple_overflow_bloody_war, columned_hall_lemuel,
          minmay_misc_feat_rows, chequers_serial_rivers_small_b
D:7:      layout_cave_pods
D:8:      layout_basic, grunt_temple_overflow_open, due_lair_maze_entry_diamond,
          st_stairs_6, blue_anna_alchemist [blue_anna_fruit_fields,
          blue_anna_fruit_fields]
Temple:   regret_index_temple_generic_petals

Skill      XL: |  1  2  3  4  5  6  7  8  9 |
---------------+----------------------------+-----
Spellcasting   | 5 6 |  6.9
Invocations    | 1 2 3 4 5 |  5.1
Short Blades   | 1 2 3 4 |  4.6
Long Blades    | 1 2 3 4 |  4.6
Axes           | 1 2 3 4 |  4.6
Maces & Flails | 1 2 3 4 |  4.6
Polearms       | 1 2 3 4 |  4.6
Staves         | 1 2 3 4 |  4.6
Slings         | 1 2 3 4 |  4.6
Bows           | 1 2 3 4 |  4.6
Crossbows      | 1 2 3 4 |  4.6
Throwing       | 1 2 3 4 |  4.6
Armour         | 1 2 3 4 |  4.6
Stealth        | 1 2 3 4 |  4.6
Shields        | 1 2 3 4 |  4.6
Evocations     | 1 2 3 4 |  4.6
Conjurations   | 1 2 3 |  3.8
Hexes          | 1 2 3 |  3.8
Summonings     | 1 2 3 |  3.8
Necromancy     | 1 2 3 |  3.8
Translocations | 1 2 3 |  3.8
Fire Magic     | 1 2 3 |  3.8
Ice Magic      | 1 2 3 |  3.8
Air Magic      | 1 2 3 |  3.8
Earth Magic    | 1 2 3 |  3.8
Poison Magic   | 1 2 3 |  3.8
Fighting       | 3 4 5 |  5.4
Transmutations | 4 5 |  5.5
Dodging        | 5 6 |  6.6
Unarmed Combat | 7 8 |  8.1

Action                   |  1- 3 |  4- 6 |  7- 9 || total
-------------------------+-------+-------+-------++-------
Melee: Unarmed           |    76 |   204 |   324 ||   604
       Bite              |     3 |     9 |     9 ||    21
       Kick              |    12 |    35 |    21 ||    68
       Headbutt          |     7 |    24 |    11 ||    42
       Punch             |       |     4 |     1 ||     5
Throw: Stone             |    12 |   126 |    35 ||   173
       Boomerang         |       |       |    45 ||    45
 Cast: Beastly Appendage |    28 |    36 |    19 ||    83
       Wereblood         |       |     8 |     9 ||    17
       Spider Form       |       |       |    39 ||    39
Invok: Bend Time         |       |       |     5 ||     5
  Use: Scroll            |       |     4 |     7 ||    11
 Stab: Sleeping          |       |       |     2 ||     2
       Distracted        |       |       |     1 ||     1
Armor: Robe              |    10 |     8 |     9 ||    27
       Leather armour    |     5 |    27 |       ||    32
       Skin              |       |       |    10 ||    10
Dodge: Dodged            |    53 |   119 |   303 ||   475

Table legend: (Time is in decaauts)
 A = Elapsed time spent in this place.
 B = Non-inter-level travel time spent in this place.
 C = Inter-level travel time spent in this place.
 D = Time resting spent in this place.
 E = Time spent auto-exploring this place.
 F = Levels seen in this place.
 G = Mean time per level.
                   A        B        C        D        E       F      G
               +--------+--------+--------+--------+--------+-----+--------+
         Total |  11668 |  11106 |    562 |   2060 |   4923 |   9 | 1296.4 |
       Dungeon |  11403 |  10889 |    514 |   2060 |   4711 |   8 | 1425.4 |
        Temple |    265 |    218 |     47 |      0 |    212 |   1 |  265.0 |
               +--------+--------+--------+--------+--------+-----+--------+

Top non-repeatable levels by time:
     D:5: 2326 daAuts
     D:2: 1863 daAuts
     D:6: 1821 daAuts
     D:7: 1623 daAuts
     D:4: 1382 daAuts
     D:3: 972 daAuts
     D:1: 899 daAuts
     D:8: 514 daAuts
  Temple: 265 daAuts
